 Dungeon Crawl Stone Soup version 0.28.0-53-g5a82cb258f (webtiles) character file.

Game seed: 13894997545326044572

918 Jerry the Chucker (level 7, -1/67 HPs)
             Began as a Troll Hunter on June 22, 2022.
             Succumbed to a water moccasin's poison
             ... on level 7 of the Dungeon.
             The game lasted 00:17:28 (4831 turns).

Jerry the Chucker (Troll Hunter)                    Turns: 4831, Time: 00:17:29

Health: -1/67      AC:  6    Str: 21    XL:     7   Next: 83%
Magic:  6/6        EV: 11    Int:  7    God:
Gold:   208        SH:  0    Dex: 12    Spells: 6/6 levels left

rFire   . . .      SeeInvis .   q - +5 mace
rCold   . . .      Faith    .   (no shield)
rNeg    . . .      Spirit   .   b - +0 robe
rPois   .          Reflect  .   (helmet restricted)
rElec   .          Harm     .   t - +1 cloak {Stlth+}
rCorr   .          Rampage  .   (gloves unavailable)
Will    .....                   (boots unavailable)
Stlth   ++........              (no amulet)
HPRegen 1.01/turn               (no ring)
MPRegen 0.10/turn               (no ring)

@: mighty, lethally poisoned (-1 -> -8), flying
A: large, unfitting armour, claws 3, regeneration 1, shaggy fur 1, tough skin 1
a: no special abilities


You were on level 7 of the Dungeon.
You visited 2 branches of the dungeon, and saw 9 of its levels.

You collected 208 gold pieces.

Inventory:

Hand Weapons
 q - a +5 mace (weapon)
Missiles
 c - 5 large rocks (quivered)
 d - 3 throwing nets
 g - 3 atropa-tipped darts
Armour
 b - a +0 robe (worn)
 t - a +1 cloak of stealth (worn)
 v - a scarf of shadows
Jewellery
 n - a ring of flight
Wands
 a - a wand of acid (4)
 h - a wand of iceblast (5)
 z - a wand of digging (7)
Scrolls
 f - 6 scrolls of identify {unknown}
 j - 2 scrolls of magic mapping {unknown}
 k - 2 scrolls of noise {unknown}
 m - 2 scrolls of teleportation {unknown}
 s - a scroll of vulnerability {unknown}
 u - a scroll of holy word {unknown}
 w - a scroll of torment {unknown}
 y - a scroll of immolation {unknown}
Potions
 e - a potion of invisibility {unknown}
 i - a potion of might
 l - a potion of flight
 o - a potion of curing
 p - a potion of heal wounds
 r - a potion of mutation {unknown}
 x - a potion of magic {unknown}


   Skills:
 - Level 3.0 Fighting
 * Level 4.4 Maces & Flails
 + Level 5.6 Throwing
 + Level 4.1 Dodging
 - Level 0.3 Stealth


You had 6 spell levels left.
You didn't know any spells.
Your spell library contained the following spells:

 Spells                   Type           Power      Damage    Failure   Level
 Apportation              Tloc           0%         N/A       43%         1
 Sandblast                Erth           0%         2d4       43%         1
 Airstrike                Air            0%         N/A       99%         4
 Summon Lightning Spire   Summ/Air       0%         N/A       99%         4
 Alistair's Intoxication  Tmut/Pois      0%         N/A       100%        5
 Lightning Bolt           Conj/Air       0%         1d11      100%        5


Dungeon Overview and Level Annotations

Branches:
Dungeon (8/15)             Temple (1/1) D:5
   Lair: D:8-11

Altars:
Ashenzari
Dithmenos
Elyvilon
Fedhas
Hepliaklqana
Makhleb
Nemelex Xobeh
Okawaru
Ru
Sif Muna
Trog
Uskayaw
Vehumet
Xom
Yredelemnul
Zin
The Shining One


Innate Abilities, Weirdness & Mutations

You are too large for most types of armour.
You have claws for hands.
Your natural rate of healing is unusually fast.
You are covered in fur. (AC +1)
You have tough skin. (AC +1)


Message History

You are lethally poisoned!
The water moccasin poisons you! The water moccasin bites you!
* * * LOW HITPOINT WARNING * * *
It was a potion of flight.
You feel very buoyant.
You fly up into the air.
* * * LOW HITPOINT WARNING * * *
You feel very sick. The water moccasin closely misses you.
You feel much better.
You feel very sick. The water moccasin bites you. x2
* * * LOW HITPOINT WARNING * * *
It was a potion of might.
You feel very mighty all of a sudden.
You feel very sick. The water moccasin bites you!
* * * LOW HITPOINT WARNING * * *
It was a potion of curing.
You feel better. The water moccasin barely misses you.
The water moccasin bites you.
* * * LOW HITPOINT WARNING * * *
You are poisoned.
The water moccasin poisons you!
You barely miss the water moccasin.
The water moccasin is almost dead.
You feel very sick. The water moccasin bites you.
* * * LOW HITPOINT WARNING * * *
You are lethally poisoned!
The water moccasin poisons you!
You barely miss the water moccasin.
The water moccasin is almost dead.
* * * LOW HITPOINT WARNING * * *
You feel very sick. The water moccasin bites you.
* * * LOW HITPOINT WARNING * * *
The water moccasin misses you.
You closely miss the water moccasin.
The water moccasin is almost dead.
You die...

##.........#
#..........##
......#.....
...........
..........
.........#
.......>S#
#....@#
#......#
...........
............#
.........#..#
........#####
.#.....##
....##


You could see a water moccasin.

Vanquished Creatures
  A steam dragon (D:6)
  A necrophage (D:4)
  An ogre (D:4)
  A kobold brigand (D:6)
  A water moccasin zombie (D:6)
  A scorpion (D:5)
  2 centaur skeletons (D:5)
  A hound (D:6)
  An orc priest (D:3)
  An orc wizard (D:4)
  A hound zombie (D:5)
  A howler monkey zombie (D:6)
  5 gnolls
  4 adders
  A river rat (D:3)
  2 white imps
  An ufetubus (D:4)
  6 worms
  3 dart slugs
  11 orcs
  9 ball pythons
  7 endoplasms
  5 giant cockroaches
  3 goblins
  7 hobgoblins
  18 jackals
  4 quokkas
  7 bats
  4 frilled lizards
  A jackal skeleton (D:4)
  12 kobolds
  14 rats
137 creatures vanquished.

Vanquished Creatures (others)
  A ball python (D:3)
  4 plants (D:2)
5 creatures vanquished.

Grand Total: 142 creatures vanquished

Notes
Turn   | Place    | Note
-------+----------+-------------------------------------------
     0 | D:1      | Jerry the Troll Hunter began the quest for the Orb.
     0 | D:1      | Reached XP level 1. HP: 19/19 MP: 0/0
    91 | D:1      | Reached XP level 2. HP: 28/28 MP: 1/1
   439 | D:1      | Found a faded altar of an unknown god.
   447 | D:1      | Got Plato's Compendium of Clay
   540 | D:1      | Reached XP level 3. HP: 35/35 MP: 2/2
   810 | D:2      | Reached skill level 4 in Throwing
  1792 | D:3      | Reached XP level 4. HP: 31/44 MP: 3/3
  1815 | D:3      | Noticed a moth of wrath
  1899 | D:3      | Found a bloodstained altar of Trog.
  2385 | D:3      | Reached XP level 5. HP: 40/52 MP: 4/4
  3031 | D:4      | Noticed an ogre
  3033 | D:4      | Killed an ogre
  3034 | D:4      | Reached skill level 1 in Maces & Flails
  3034 | D:4      | Reached XP level 6. HP: 61/61 MP: 5/5
  3038 | D:4      | Found a white marble altar of Elyvilon.
  3332 | D:4      | Reached skill level 5 in Throwing
  3703 | D:5      | Entered Level 5 of the Dungeon
  3761 | D:5      | Found a staircase to the Ecumenical Temple.
  3767 | Temple   | Entered the Ecumenical Temple
  4046 | D:5      | Reached XP level 7. HP: 67/67 MP: 6/6
  4562 | D:6      | Found a sacrificial altar of Ru.
  4568 | D:6      | Found a sparkling altar of Nemelex Xobeh.
  4598 | D:6      | Noticed a steam dragon
  4600 | D:6      | Killed a steam dragon
  4770 | D:6      | You fall into a shaft and drop 2 floors!
  4830 | D:7      | HP: 2/67 [water moccasin (4)]
  4831 | D:7      | Succumbed to a water moccasin's poison

Illustrated notes

Levels and vault maps discovered:
D:1:      nzn_arrival_depleted_hourglass, layout_basic,
          shapermc_ecumenical_altar_rom_forum
D:2:      layout_loops_ring, serial_bayou, serial_bayou_shore_a,
          serial_bayou_lagoon_a, serial_bayou_lake_a, serial_bayou_pond_d,
          serial_bayou_shore_b, nrook_mini_vaults, kennysheep_generic_room_16
D:3:      minmay_octagon_keep, layout_loops_corners, tgw_trog,
          gup_sewer_entry_bubbles, st_stairs_10, corexii_corridor_pit,
          dk_noncrumbling_2
D:4:      layout_loops_ring, nicolae_elyvilon_peaceful_grove,
          nicolae_elevator_lobby_asterisk
D:5:      layout_basic, minmay_temple_entry_wispy
D:6:      layout_gridville, minitemple, ebering_ghost_sewer_d,
          kennysheep_pointless_box
D:7:      layout_cave_pools, mainiacjoe_overflow_alcove_1,
          nicolae_overflow_hidden_temple, gammafunk_temple_overflow_pools,
          kennysheep_generic_room_7
D:8:      layout_rooms, lightli_bailey_entry_fortress, serial_shops, shop
Temple:   nicolae_temple_figure_eight

Skill      XL: |  1  2  3  4  5  6  7 |
---------------+----------------------+-----
Fighting       | 2 3 |  3.0
Dodging        | 2 3 4 |  4.1
Throwing       | 4 5 |  5.6
Maces & Flails | 1 3 4 |  4.4
Stealth        | |  0.3

Action                   |  1- 3 |  4- 6 |  7- 9 || total
-------------------------+-------+-------+-------++-------
Melee: Short sword       |   184 |   157 |       ||   341
       Punch             |     2 |     6 |     1 ||     9
       Mace              |       |    70 |    82 ||   152
Throw: Large rock        |       |     3 |     2 ||     5
  Use: Potion            |       |     3 |     5 ||     8
 Stab: Sleeping          |     3 |     4 |     1 ||     8
Armor: Robe              |    65 |    79 |    30 ||   174
Dodge: Dodged            |   118 |   138 |    75 ||   331
